 Dungeon Crawl Stone Soup version 0.32-a0-975-g85d4e5bfdb (webtiles) character file.

Game seed: 15323086782921401996

41052 runemasterragnar the Skirmisher (level 14, -11/174 HPs)
             Began as a Coglin Hunter on Apr 19, 2024.
             Was a High Priest of Okawaru.
             Mangled by a death yak (17 damage)
             ... on level 5 of the Lair of Beasts.
             The game lasted 00:31:29 (15992 turns).

runemasterragnar the Skirmisher (Coglin Hunter)    Turns: 15992, Time: 00:31:29

Health: -11/174    AC: 27    Str: 11    XL:     14   Next: 13%
Magic:  18/18      EV:  2    Int:  9    God:    Okawaru [*****.]
Gold:   1768       SH:  0    Dex: 23    Spells: 12/13 levels left

rFire   . . .        a - +2 sling (flame) {Shatu-murrim}
rCold   . . .        d - +0 sling (drain) {Miranda}
rNeg    . . .        z - melded +2 leather armour {rPois}
rPois   +            k - melded +2 helmet
rElec   .            l - melded +0 cloak
rCorr   +            m - melded +0 pair of gloves
SInv    .            F - melded +0 pair of boots
Will    ++...        (amulet unavailable)
Stlth   ++++         (ring unavailable)
HPRegen 0.49/turn    (ring unavailable)
MPRegen 0.16/turn    O - hypercapacitor NW-30 {Gadgeteer, rPois Will+ rCorr}

%: no passive effects
@: tree-form, studying Staves, revving
A: stationary, stasis, torment immunity, boosted hp, off-hand wielding, slow
wielding, warmup strikes, no jewellery
a: Renounce Religion, Heroism, Finesse, Duel


You were on level 5 of the Lair of Beasts.
You worshipped Okawaru.
Okawaru was extremely pleased with you.
You were a tree.
You visited 4 branches of the dungeon, and saw 19 of its levels.

You collected 2704 gold pieces.
You spent 936 gold pieces at shops.

Inventory:

Hand Weapons
 a - a +2 sling of flaming (weapon) {Shatu-murrim}
 d - a +0 sling of draining (offhand) {Miranda}
Missiles
 p - 2 throwing nets
 C - 21 poisoned darts
Armour
 k - a +2 helmet (melded)
 l - a +0 cloak (melded)
 m - a +0 pair of gloves (melded)
 z - a +2 leather armour of poison resistance (melded)
 F - a +0 pair of boots (melded)
Gizmo
 O - a hypercapacitor NW-30 (installed) {Gadgeteer, rPois Will+ rCorr}
   (You invented it yourself on level 5 of the Lair of Beasts)

   [hypercapacitor NW-30]

   Gadgeteer: Your evocable items recharge 30% faster and wands have a 30%
   chance to not spend a charge.
   rPois:     It protects you from poison.
   Will+:     It increases your willpower.
   rCorr:     It protects you from acid and corrosion.
Wands
 y - a wand of flame (50)
 L - a wand of paralysis (7)
 N - a wand of roots (4)
Scrolls
 b - a scroll of butterflies
 c - 3 scrolls of amnesia {unknown}
 f - 6 scrolls of teleportation
 g - a scroll of enchant weapon {unknown}
 h - 3 scrolls of brand weapon
 q - 3 scrolls of revelation
 t - a scroll of vulnerability {unknown}
 u - 4 scrolls of poison
 A - 2 scrolls of fog
 D - 2 scrolls of blinking
 K - 2 scrolls of immolation
 M - a scroll of silence {unknown}
Potions
 e - 2 potions of mutation
 i - 2 potions of lignification
 j - 2 potions of enlightenment
 n - 5 potions of curing
 o - a potion of invisibility
 r - a potion of ambrosia {unknown}
 v - 2 potions of berserk rage
 w - 2 potions of attraction
 x - 5 potions of brilliance
 B - 3 potions of might {unknown}
 E - 2 potions of haste
 H - a potion of degeneration {unknown}
 I - a potion of resistance
 J - a potion of cancellation {unknown}


   Skills:
 + Level 12.4 Fighting
 * Level 14.0 Ranged Weapons
 + Level 8.2 Dodging
 + Level 7.7 Stealth
 + Level 5.7 Invocations
 + Level 9.4 Evocations


You had 12 spell levels left.
You knew the following spells:

 Your Spells              Type           Power      Damage    Failure   Level
a - Apportation           Tloc           0%         N/A       38%         1

Your spell library contained the following spells:

 Spells                   Type           Power      Damage    Failure   Level
 Kiss of Death            Conj/Necr      0%         2d5       38%         1
 Shock                    Conj/Air       0%         1d3       38%         1
 Cigotuvi's Dreadful Rot  Necr/Alch/Air  0%         N/A       52%         2
 Jinxbite                 Hex            0%         N/A       52%         2
 Confusing Touch          Hex            0%         N/A       77%         3
 Dazzling Flash           Conj/Hex       0%         N/A       77%         3
 Hailstorm                Conj/Ice       0%         3d5       77%         3
 Mephitic Cloud           Conj/Alch/Air  0%         N/A       77%         3
 Stone Arrow              Conj/Erth      0%         3d7       77%         3
 Swiftness                Air            0%         N/A       77%         3
 Airstrike                Air            0%         2d(0-16)  99%         4
 Dispel Undead            Necr           0%         3d6       99%         4
 Alistair's Intoxication  Alch           0%         N/A       100%        5
 Borgnjor's Vile Clutch   Necr/Erth      0%         N/A       100%        5
 Silence                  Hex/Air        0%         N/A       100%        5
 Permafrost Eruption      Ice/Erth       0%         2x4d1     100%        6
 Lehudib's Crystal Spear  Conj/Erth      0%         10d2      100%        8
 Summon Ice Beast         Ice/Summ       Unusable   N/A       N/A         3
 Animate Armour           Summ/Erth      Unusable   N/A       N/A         4
 Animate Dead             Necr           Unusable   N/A       N/A         4
 Martyr's Knell           Necr/Summ      Unusable   N/A       N/A         4
 Death Channel            Necr           Unusable   N/A       N/A         6
 Sculpt Simulacrum        Ice/Alch       Unusable   N/A       N/A         6
 Seismic Cannonade        Alch/Erth      Unusable   6d4       N/A         7

Dungeon Overview and Level Annotations

Branches:
Dungeon (11/15)            Temple (1/1) D:7            Lair (5/5) D:10
 Shoals (0/4) Lair:2        Snake (0/4) Lair:2        Slime (0/5) Lair:4
    Orc (2/2) D:10
    Elf: Orc:2

Altars:
Ashenzari
Cheibriados
Dithmenos
Elyvilon
Fedhas
Gozag
Hepliaklqana
Kikubaaqudgha
Makhleb
Nemelex Xobeh
Okawaru
Qazlal
Ru
Sif Muna
Trog
Uskayaw
Vehumet
Wu Jian
Xom
Yredelemnul
Zin
The Shining One

Shops:
D:1 (   D:2 :   D:10 *   Orc:1 [

Annotations:
Lair:3 2 transporters, AwFulAwFulPlayer's ghost, journeyman DsCK


Innate Abilities, Weirdness & Mutations

You are a tree.
Your roots penetrate the ground, keeping you stationary.
You cannot be teleported.
You are immune to unholy pain and torment.
Your maximum health is greatly increased.
Your equipment is partially melded.
You can wield a second weapon in your off-hand.
It takes a long time for you to wield or remove held weapons.
Your first few attacks do less damage.
You cannot equip rings or amulets.


Message History

The death yak gores you but does no damage.
The death yak gores you!
* * * LOW HITPOINT WARNING * * *
The death yak gores you!
* * * LOW HITPOINT WARNING * * *
Unknown command.
Unknown command.
Okay, then.
Okay, then.
As you read the scroll of fear, it crumbles to dust.
You assume a fearsome visage.
The death yak resists with almost no effort. x2
The death yak resists with some effort.
The grasping roots constrict the death yak! x2
The death yak gores you.
* * * LOW HITPOINT WARNING * * *
The death yak gores you but does no damage. x2
Unknown command.
Unknown command.
Okay, then.
Okay, then.
Okay, then.
Unknown command.
Okay, then.
Okay, then.
Unknown command.
Aiming: Fastroot
Press: ? - help, Shift-Dir - straight line, f - death yak
Aim: a death yak (heavily wounded, constricted by roots)
The roots erupt in riotous growth!
The death yak is unaffected.
Roots grab the death yak.
The death yak is unaffected.
You conserve a charge of your wand.
The grasping roots constrict the death yak.
The grasping roots constrict the death yak!
The grasping roots constrict the death yak.
The death yak gores you!
* * * LOW HITPOINT WARNING * * *
The death yak gores you but does no damage.
The death yak gores you!
You die...

### ###.### ######
###♣#.P.####..#.####
#.YYY...........#≈#.
##...#......#...#≈#.
##.###....##.....~..
#...##...####....~[.
#....#..#.##.....~..
##........##....#≈#.
#.......+......#≈#.
#..#.#..#P.P...#≈#.


You could see 3 death yaks.

Vanquished Creatures
  A hydra (Lair:5)
  Erolcha (D:10)
  A catoblepas (Lair:3)
  6 death yaks
  A boulder beetle (Lair:4)
  A centaur warrior (D:8)
  A skyshark (Lair:2)
  An orc sorcerer (Orc:1)
  Pikel (D:8)
  An obsidian bat (Orc:1)
  8 elephants
  3 black mambas
  8 cane toads
  A gargoyle (D:8)
  A kobold demonologist (D:10)
  4 rime drakes
  An unseen horror (D:9)
  5 komodo dragons
  2 trolls (D:10)
  2 polar bears (D:10)
  Grinder (D:4)
  2 hornets
  26 blink frogs
  A slime creature (D:8)
  32 yaks
  A wraith (D:10)
  A shadow (D:10)
  5 wyverns
  6 basilisks
  2 wargs
  3 steam dragons
  2 vampire mosquitoes (D:10)
  3 nagas (Lair:2)
  11 water moccasins
  A sky beast (D:7)
  3 black bears
  14 orc warriors
  21 wolves
  2 phantoms
  A lemure (D:9)
  4 kobold brigands
  12 bullfrogs
  2 scorpions
  6 wights
  11 killer bees
  2 howler monkeys
  3 electric eels (Lair:4)
  2 bombardier beetles (D:4)
  4 hounds
  7 jellies
  2 gnoll boudas
  19 orc priests
  Terence (D:3)
  Jessica (D:3)
  2 iguanas
  18 orc wizards
  3 sleepcaps
  12 gnolls
  An adder (D:4)
  A shadow imp (D:8)
  2 ufetubi (D:7)
  2 ribbon worms
  5 dart slugs
  54 orcs
  8 bats
  8 endoplasms
  A giant cockroach (D:3)
  4 goblins
  7 hobgoblins
  12 kobolds
  3 quokkas
  6 ball pythons
  6 frilled lizards
  4 rats
423 creatures vanquished.

Notes
Turn   | Place    | Note
-------+----------+-------------------------------------------
     0 | D:1      | runemasterragnar the Coglin Hunter began the quest for the
                  | Orb.
     0 | D:1      | Reached XP level 1. HP: 16/16 MP: 1/1
   105 | D:1      | Reached skill level 1 in Stealth
   112 | D:1      | Found Pefytuol's Weapon Boutique.
   118 | D:1      | Reached XP level 2. HP: 22/22 MP: 2/2
   146 | D:1      | Found a faded altar of an unknown god.
   668 | D:1      | Found Noetsioth's Distillery.
   981 | D:2      | Reached XP level 3. HP: 27/27 MP: 3/3
  1045 | D:2      | Reached skill level 4 in Ranged Weapons
  1275 | D:2      | Found Ytwor's Book Shop.
  2026 | D:3      | Noticed Terence
  2155 | D:3      | Found a radiant altar of Vehumet.
  2285 | D:3      | Noticed Jessica
  2288 | D:3      | Killed Jessica
  2289 | D:3      | Reached XP level 4. HP: 34/34 MP: 4/4
  2353 | D:3      | Killed Terence
  2869 | D:4      | Reached XP level 5. HP: 40/40 MP: 5/5
  3088 | D:4      | Reached skill level 5 in Ranged Weapons
  3088 | D:4      | Reached XP level 6. HP: 47/47 MP: 6/6
  3418 | D:4      | Reached XP level 7. HP: 30/52 MP: 7/7
  3524 | D:4      | Noticed Grinder
  3529 | D:4      | Paralysed by Grinder for 3 turns
  3537 | D:4      | Killed Grinder
  3624 | D:4      | Reached skill level 6 in Ranged Weapons
  3874 | D:5      | Entered Level 5 of the Dungeon
  3875 | D:5      | Identified a scroll of acquirement
  3875 | D:5      | Acquired 1177 gold pieces
  3969 | D:1      | Bought a potion of experience for 550 gold pieces
  3969 | D:1      | Bought a potion of heal wounds for 55 gold pieces
  3969 | D:1      | Bought a potion of berserk rage for 55 gold pieces
  3969 | D:1      | Bought a potion of attraction for 33 gold pieces
  3969 | D:1      | Bought a potion of curing for 33 gold pieces
  3969 | D:1      | Bought a potion of curing for 33 gold pieces
  3969 | D:1      | Bought a potion of brilliance for 44 gold pieces
  4183 | D:5      | Found a hazy altar of Hepliaklqana.
  4403 | D:5      | Reached XP level 8. HP: 60/60 MP: 8/8
  4904 | D:6      | Reached skill level 10 in Ranged Weapons
  4904 | D:6      | Reached XP level 9. HP: 78/78 MP: 9/9
  4967 | D:6      | Reached skill level 10 in Fighting
  5476 | D:6      | Found a blossoming altar of Fedhas.
  5673 | D:7      | Reached skill level 1 in Evocations
  5771 | D:7      | Found a basalt altar of Yredelemnul.
  5914 | D:7      | Found an ancient bone altar of Kikubaaqudgha.
  5986 | D:7      | Found a shimmering altar of Xom.
  6026 | D:7      | Found a shimmering blue altar of Sif Muna.
  6141 | D:7      | Found a staircase to the Ecumenical Temple.
  6292 | Temple   | Entered the Ecumenical Temple
  6303 | Temple   | Became a worshipper of Warmaster Okawaru
  6330 | D:8      | Reached XP level 10. HP: 85/85 MP: 10/10
  6534 | D:8      | Paralysed by a hornet for 3 turns
  6656 | D:8      | Reached * piety under Okawaru
  6657 | D:8      | Reached skill level 11 in Ranged Weapons
  6755 | D:8      | Noticed a boulder beetle
  6921 | D:8      | Noticed a gargoyle
  6932 | D:8      | Killed a gargoyle
  6933 | D:8      | Reached skill level 1 in Invocations
  7127 | D:8      | Noticed a centaur warrior
  7146 | D:8      | Killed a centaur warrior
  7146 | D:8      | Reached ** piety under Okawaru
  7147 | D:8      | Reached skill level 5 in Dodging
  7274 | D:8      | Found a sacrificial altar of Ru.
  7666 | D:9      | Noticed Pikel
  7678 | D:8      | Killed Pikel
  7729 | D:9      | Killed an unseen horror
  7729 | D:9      | Reached *** piety under Okawaru
  8114 | D:9      | Reached XP level 11. HP: 92/92 MP: 12/12
  8518 | D:10     | Entered Level 10 of the Dungeon
  8519 | D:10     | Found a bloodstained altar of Trog.
  8563 | D:10     | Reached **** piety under Okawaru
  8567 | D:10     | Reached skill level 5 in Stealth
  8644 | D:10     | Found a staircase to the Orcish Mines.
  8960 | D:10     | Noticed Erolcha
  8974 | D:10     | Killed Erolcha
  8975 | D:10     | Reached skill level 5 in Evocations
  9122 | D:10     | Reached ***** piety under Okawaru
  9354 | D:10     | Found a staircase to the Lair.
  9419 | D:10     | Found Orphofuung's General Store.
  9429 | D:10     | Bought a scroll of identify for 28 gold pieces
  9429 | D:10     | Bought a scroll of blinking for 105 gold pieces
  9491 | D:11     | Noticed a green ugly thing
  9857 | Orc:1    | Entered Level 1 of the Orcish Mines
  9864 | Orc:1    | Reached skill level 12 in Ranged Weapons
  9869 | Orc:1    | Found Otheitir's Antique Armour Emporium.
  9952 | Orc:1    | Noticed an orc sorcerer
  9957 | Orc:1    | Noticed an obsidian bat
  9970 | Orc:1    | Killed an orc sorcerer
  9970 | Orc:1    | Received a gift from Okawaru
  9980 | Orc:1    | Killed an obsidian bat
 10313 | Orc:1    | Reached XP level 12. HP: 100/100 MP: 14/14
 10505 | Orc:2    | Entered Level 2 of the Orcish Mines
 11199 | Lair:1   | Entered Level 1 of the Lair of Beasts
 11771 | Lair:1   | Received a gift from Okawaru
 12161 | Lair:1   | Learned a level 1 spell: Apportation
 12413 | Lair:2   | Noticed a skyshark
 12542 | Lair:2   | Found a staircase to the Shoals.
 12659 | Lair:2   | Reached XP level 13. HP: 107/107 MP: 16/16
 12659 | Lair:2   | Found a staircase to the Snake Pit.
 12731 | Lair:2   | Reached skill level 13 in Ranged Weapons
 12807 | Lair:2   | Received a gift from Okawaru
 13666 | Lair:3   | Found a transporter.
 13671 | Lair:3   | Found a transporter.
 13706 | Lair:3   | Noticed AwFulAwFulPlayer's ghost (journeyman DsCK)
 13962 | Lair:3   | Reached skill level 5 in Invocations
 13977 | Lair:3   | Received a gift from Okawaru
 14422 | Lair:3   | Found a bloodstained altar of Trog.
 14839 | Lair:4   | Found a staircase to the Slime Pits.
 14927 | Lair:4   | Received a gift from Okawaru
 15748 | Lair:5   | Entered Level 5 of the Lair of Beasts
 15771 | Lair:5   | Reached XP level 14. HP: 116/116 MP: 18/18
 15771 | Lair:5   | Acquired a hypercapacitor NW-30 {Gadgeteer, rPois Will+
                  | rCorr}
 15989 | Lair:5   | Received a gift from Okawaru
 15990 | Lair:5   | Reached skill level 14 in Ranged Weapons
 15992 | Lair:5   | HP: 6/174 [death yak (7)]
 15992 | Lair:5   | Mangled by a death yak

Illustrated notes

Levels and vault maps discovered:
D:1:      dpeg_arrival_shrine, layout_basic, serial_shops,
          nicolae_shop_bloodbath_and_beyond, shop,
          shapermc_ecumenical_altar_notcrosses
D:2:      layout_basic, serial_shops, shop, nicolae_twisty_statue_hallways
D:3:      layout_basic, old_standard_altar, dreamdust_wishing_well,
          uniq_jessica, uniq_terence
D:4:      layout_basic, guppyfry_early_orc_mine, uniq_grinder
D:5:      layout_loops_ring, nicolae_hepliaklqana_hazy_memory, serial_glass,
          glass_columns_c, glass_columns_b, glass_columns_a, glass_columns_a,
          glass_columns_b, glass_columns_a, roderic_batcave,
          minmay_misc_feat_more_columns, nicolae_letterblocks
          [nicolae_letter_subblock, nicolae_letter_subblock,
          nicolae_letter_subblock, nicolae_letter_subblock,
          nicolae_letter_subblock, nicolae_letter_subblock,
          nicolae_letter_subblock, nicolae_letter_subblock,
          nicolae_letter_subblock, nicolae_letter_subblock,
          nicolae_letter_subblock, nicolae_letter_subblock,
          nicolae_letter_subblock, nicolae_letter_subblock,
          nicolae_letter_subblock, nicolae_letter_subblock,
          nicolae_letter_subblock, nicolae_letter_subblock,
          nicolae_letter_subblock, nicolae_letter_subblock,
          nicolae_letter_subblock, nicolae_letter_subblock,
          nicolae_letter_subblock, nicolae_letter_subblock,
          nicolae_letter_subblock]
D:6:      layout_gridville, kennysheep_mini_moat
D:7:      layout_cave_pools, old_standard_altar, lemuel_crystal_altar,
          kennysheep_little_box, nicolae_overflow_hidden_temple,
          minmay_temple_entry_junction
D:8:      layout_gridville, nicolae_ru_path_of_blood, grunt_decor_mini_mirrors,
          nicolae_doodle_vault
D:9:      layout_small_grid, uniq_pikel
D:10:     minmay_spotlight, layout_cross, trog_ov_bears_minmay,
          erik_lair_orcish_takeover, david_orc_3, serial_shops,
          nicolae_square_shop, st_stairs_8, uniq_erolcha
D:11:     layout_long_grid, hellmonk_guarded_unrand_cigotuvi
Temple:   nicolae_temple_god_jail
Lair:1:   layout_long_grid
Lair:2:   layout_regular_city, shoals_dummy_entry, nicolae_snake_entry_squirm,
          grunt_megastairs_3
Lair:3:   layout_gridlike, gammafunk_ghost_wrathful_warriors
Lair:4:   layout_roguey, nicolae_slime_entry_slimehenge, minivault_23,
          serial_bayou_pond_e, disabler_island
Lair:5:   cheibrodos_lair_end_hotspot, layout_regular_city,
          chequers_serial_rivers_micro_a, st_stairs_12
Orc:1:    layout_caves, serial_shops, shop
Orc:2:    grunt_orc_tribal_feast, layout_caves, kennysheep_orc_sif_temple

Skill      XL: |  1  2  3  4  5  6  7  8  9 10 11 12 13 14 |
---------------+-------------------------------------------+-----
Stealth        | 1 2 3 4 5 6 7 |  7.7
Dodging        | 2 3 4 5 6 7 8 |  8.2
Ranged Weapons | 4 5 6 10 11 12 13 14 | 14.0
Fighting       | 3 4 9 10 11 12 | 12.4
Evocations     | 1 3 5 7 9 |  9.4
Invocations    | 1 3 4 5 |  5.7

Action                     |  1- 3 |  4- 6 |  7- 9 | 10-12 | 13-15 || total
---------------------------+-------+-------+-------+-------+-------++-------
  Melee: Sling             |       |    12 |       |       |       ||    12
   Fire: Sling             |   128 |   218 |   410 |  1394 |   932 ||  3082
  Throw: Dart              |       |       |       |    12 |       ||    12
 Invoke: Heroism           |       |       |       |     2 |     2 ||     4
         Finesse           |       |       |       |       |     2 ||     2
Ability: Invent Gizmo      |       |       |       |       |     1 ||     1
  Evoke: Wand              |       |       |     2 |    24 |     5 ||    31
    Use: Scroll            |       |     4 |     2 |    13 |     2 ||    21
         Potion            |       |       |     2 |     4 |     4 ||    10
 Armour: Leather armour    |     5 |    35 |    58 |   313 |   128 ||   539
         Skin              |       |       |       |       |    22 ||    22
  Dodge: Dodged            |     2 |    16 |    56 |   304 |   109 ||   487

Table legend: (Time is in decaauts)
 A = Elapsed time spent in this place.
 B = Non-inter-level travel time spent in this place.
 C = Inter-level travel time spent in this place.
 D = Time resting spent in this place.
 E = Time spent auto-exploring this place.
 F = Levels seen in this place.
 G = Mean time per level.
                   A        B        C        D        E       F      G
               +--------+--------+--------+--------+--------+-----+--------+
         Total |  15787 |  14806 |    981 |   1565 |  10637 |  19 |  830.9 |
       Dungeon |  10039 |   9130 |    909 |    899 |   6751 |  11 |  912.6 |
        Temple |     20 |     20 |      0 |      0 |      0 |   1 |   20.0 |
          Lair |   4613 |   4560 |     53 |    354 |   3300 |   5 |  922.6 |
  Orcish Mines |   1113 |   1096 |     17 |    312 |    585 |   2 |  556.5 |
               +--------+--------+--------+--------+--------+-----+--------+

Top non-repeatable levels by time:
     D:8: 1338 daAuts
  Lair:2: 1301 daAuts
     D:2: 1233 daAuts
    D:10: 1210 daAuts
  Lair:3: 1191 daAuts
     D:4: 1140 daAuts
     D:9: 1123 daAuts
     D:1: 971 daAuts
   Orc:1: 966 daAuts
  Lair:1: 955 daAuts
  Lair:4: 933 daAuts
     D:5: 864 daAuts
     D:6: 752 daAuts
     D:3: 751 daAuts
     D:7: 634 daAuts
